Cogmind - Beta 12 @@@ ROGUE MODE // 2023.03.12 @ 20:24:23 Player: Antsan Result: Destroyed by G-47 Trooper with Particle Gun Performance ------------- Evolutions (1) 500 Regions Visited (5) 1000 Robots Destroyed (29) 145 Value Destroyed (814) 814 Prototype IDs (2) 40 Alien Tech Used (0) 0 Bonus (-98) -98 TOTAL SCORE: 2401 Bonus ------- Follower Combat Kills 35 Friendly Fire -133 Cogmind --------- Core Integrity 0/400 Matter 300/300 Energy 310/310 System Corruption 0% Temperature Cool (9) Movement Walking (120) Location -8/Mines Parts ------- > --- POWER (2) -------- Ion Engine Light Nuclear Core > --- PROPULSION (2) --- Aluminum Leg Aluminum Leg > --- UTILITY (3) ------ Improved Heat Sink Improved Terrain Scanner High-powered Tractor Beam > --- WEAPON (2) ------- Improved Assault Rifle Grenade Launcher > --- INVENTORY (5) ---- Light Ion Engine Light Ion Engine Improved Ion Engine High-powered Tractor Beam High-powered Tractor Beam Peak State ------------ > --- POWER ------------ Improved Ion Engine Improved Ion Engine > --- PROPULSION ------- Improved Treads Improved Treads > --- UTILITY ---------- Heat Sink Huge Storage Unit Improved Terrain Scanner > --- WEAPON ----------- Small Laser Particle Gun > --- INVENTORY -------- Ion Engine Light Ion Engine Light Ion Engine Improved Ion Engine Improved Ion Engine Light Nuclear Core Improved Treads Improved Treads Aluminum Leg Aluminum Leg Aluminum Leg Improved Terrain Scanner Light Armor Plating High-powered Tractor Beam High-powered Tractor Beam High-powered Tractor Beam High-powered Tractor Beam Medium Laser Small Laser Small Laser Beam Cannon Beam Cannon Grenade Launcher [Rating: 19] Favorites ----------- Power Improved Ion Engine Engine Improved Ion Engine Power Core Light Nuclear Core Propulsion Aluminum Leg Treads Improved Treads Leg Aluminum Leg Utility Improved Terrain Scanner Device Improved Terrain Scanner Storage Huge Storage Unit Protection Light Armor Plating Weapon Grenade Launcher Energy Gun Small Laser Energy Cannon Beam Cannon Ballistic Gun Improved Assault Rifle Launcher Grenade Launcher Build | -11 -10 -9 -9 -9 -8 ------- Run | Jun Mat Mat Min Exi Min Slots Evolved 2 | . . 2 . . . Power 1 | . . 1 . . . Propulsion . | . . . . . . Utility 1 | . . 1 . . . Weapon . | . . . . . . Parts Attached 47 | 7 15 19 2 1 3 Power 13 | 1 4 6 1 . 1 Engine 11 | 1 3 6 1 . . Core 2 | . 1 . . . 1 Reactor . | . . . . . . Propulsion 10 | 2 4 3 . . 1 Treads 4 | . 4 . . . . Leg 6 | 2 . 3 . . 1 Wheel . | . . . . . . Hover . | . . . . . . Flight . | . . . . . . Utility 10 | 2 2 3 1 1 1 Device 8 | 2 1 2 1 1 1 Storage 1 | . 1 . . . . Processor . | . . . . . . Hackware . | . . . . . . Protection 1 | . . 1 . . . Artifact . | . . . . . . Weapon 14 | 2 5 7 . . . Energy Gun 9 | 2 5 2 . . . Energy Cannon 3 | . . 3 . . . Ballistic Gun 1 | . . 1 . . . Ballistic Cannon . | . . . . . . Launcher 1 | . . 1 . . . Special Weapon . | . . . . . . Impact Weapon . | . . . . . . Slashing Weapon . | . . . . . . Piercing Weapon . | . . . . . . Special Melee Weapon . | . . . . . . Unidentified Prototypes 2 | . . 2 . . . Parts Lost 8 | . . 6 1 . 1 Power 2 | . . 1 1 . . Propulsion 1 | . . 1 . . . Utility 3 | . . 2 . . 1 Weapon 2 | . . 2 . . . Highest Loss Streak 3 | . . 3 1 . 1 To Critical Strikes . | . . . . . . Average Slot Usage (%) 98 | . 100 96 99 100 98 Engine 19 | . 11 22 21 22 13 Treads 8 | . 27 12 . . . Leg 13 | . . 6 22 22 22 Device 23 | . 14 21 22 30 31 Storage 8 | . 13 11 11 2 . Energy Gun 9 | . 28 11 . . . Ballistic Gun 6 | . . 3 11 11 11 Launcher 6 | . . 3 11 11 11 Naked Turns . | . . . . . . Heaviest Build 102 | 8 92 102 102 100 21 Greatest Support 46 | 20 46 46 20 20 20 Greatest Overweight (x) 10 | . 1 10 5 4 1 Average Overweight (x) 1 | . . 4 4 1 . Largest Inventory Capacity 25 | 5 25 25 25 25 5 Average Capacity 19 | 5 23 25 25 9 5 Most Carried 25 | 5 25 24 11 8 5 Average Carried 11 | 1 19 15 10 4 4 Final Capacity 25 | 5 25 25 25 5 5 Final Carried 25 | 1 25 11 5 4 5 Class Distribution -------------------- 88% | Mutant 11% | Scavenger-Mutant Dominant Class ---------------- Mutant | -10/Materials Mutant | -9/Materials Mutant | -9/Mines Mutant | -9/Exiles Scavenger-Mutant | -8/Mines Resources | -11 -10 -9 -9 -9 -8 ----------- Run | Jun Mat Mat Min Exi Min Matter Collected 1115 | 260 311 368 25 . 151 Remotely 343 | . . 167 25 . 151 Salvage Created 1069 | 142 399 341 . . 187 Parts 57 | 6 25 18 . . 8 Haulers Intercepted . | . . . . . . Recyclers Shooed 1 | . . 1 . . . Parts Field Recycled . | . . . . . . Retrieved Matter . | . . . . . . Parts Self-Destructed . | . . . . . . Prevented . | . . . . . . Kills | -11 -10 -9 -9 -9 -8 ------- Run | Jun Mat Mat Min Exi Min Combat Hostiles Destroyed 17 | . 7 6 . . 4 Guns 12 | . 7 3 . . 2 Cannons 2 | . . 2 . . . AOE 2 | . . . . . 2 Classes Destroyed 7 | 2 3 2 . . . Worker 3 | . 3 . . . . Builder 1 | . . 1 . . . Tunneler 2 | 2 . . . . . Recycler 2 | 1 . 1 . . . Watcher 3 | . 2 1 . . . Grunt 17 | . 7 5 . . 5 Sentry 1 | . . 1 . . . Best Kill Streak 4 | 3 4 3 . . 2 Combat Bots Only 3 | . 2 3 . . 2 Max Kills in Single Turn 1 | 1 1 1 . . 1 Gunslinging . | . . . . . . Exploded 1 | . . . . . 1 Melee . | . . . . . . Uniques/NPCs Destroyed . | . . . . . . Combat | -11 -10 -9 -9 -9 -8 -------- Run | Jun Mat Mat Min Exi Min Damage Taken 1955 | . 604 1093 105 . 153 Core 518 | . 114 386 . . 18 Absorbed by Shields . | . . . . . . Core Remaining (%) 77 | 100 54 . . . . Volleys Fired 102 | 7 44 39 4 . 8 Largest 2 | 2 2 2 2 . 2 Hottest 115 | 90 115 105 53 . 53 Shots Fired 178 | 14 85 58 5 . 16 Gun 150 | 14 85 39 4 . 8 Cannon 16 | . . 16 . . . Launcher 12 | . . 3 1 . 8 Special . | . . . . . . Kinetic 16 | . . 4 4 . 8 Thermal 150 | 14 85 51 . . . Explosive 12 | . . 3 1 . 8 Electromagnetic . | . . . . . . Robot Hit Streak 9 | 3 7 5 3 . 9 Robot Miss Streak 4 | 2 4 2 1 . 1 Penetration Max . | . . . . . . Secondary Targets 1 | . 1 . . . . Max Gunslinging Chain 1 | . 1 . . . . Shots Hit Robots 105 | 7 47 35 4 . 12 Core Hits 55 | 4 21 15 2 . 13 Critical Kills 1 | . . 1 . . . Critical Parts Destroyed . | . . . . . . Critical Strikes 5 | . 2 3 . . . Burn 4 | . 2 2 . . . Meltdown 1 | . . 1 . . . Melee Attacks . | . . . . . . Impact . | . . . . . . Slashing . | . . . . . . Piercing . | . . . . . . Sneak Attacks . | . . . . . . Combat Hostiles . | . . . . . . Follow-up Attacks . | . . . . . . Damage Inflicted 1876 | 98 573 655 81 . 469 Guns 1126 | 98 573 311 53 . 91 Cannons 210 | . . 210 . . . Explosions 540 | . . 134 28 . 378 Melee . | . . . . . . Ramming . | . . . . . . Kinetic 172 | . . 28 53 . 91 Thermal 1164 | 98 573 493 . . . Explosive 540 | . . 134 28 . 378 Electromagnetic . | . . . . . . Impact . | . . . . . . Slashing . | . . . . . . Piercing . | . . . . . . Highest Corruption . | . . . . . . Average Corruption . | . . . . . . Corruption Purged . | . . . . . . Corruption Blocked . | . . . . . . Overload Shots . | . . . . . . Overflow Damage 11 | . . 8 . . 3 Projectiles . | . . . . . . Explosions 11 | . . 8 . . 3 Melee . | . . . . . . Knockbacks . | . . . . . . Impact . | . . . . . . Kinetic . | . . . . . . Secondary . | . . . . . . Self-Inflicted Damage 101 | . . 19 . . 82 Shots 5 | . . 1 . . 4 Rammed . | . . . . . . Targets Rammed . | . . . . . . Kicked . | . . . . . . Crushed . | . . . . . . Highest Temperature 684 | 126 684 577 1 . 18 Average Temperature 222 | 58 222 267 1 . 11 Received Heat Transfer 903 | . 336 522 . . 45 Effects 78 | . 29 49 . . . Shutdowns 18 | . 7 11 . . . Energy Bleed 8 | . 3 5 . . . Interference 14 | . 3 11 . . . Matter Decay 7 | . 6 1 . . . Short Circuit 4 | . 1 3 . . . Damage (minor) 2 | . 1 1 . . . Damage (major) 20 | . 7 13 . . . Damage (core) 5 | . 1 4 . . . Siege Activations . | . . . . . . Robots Corrupted . | . . . . . . Combat Hostiles . | . . . . . . Parts Fried . | . . . . . . Impact Corruptions . | . . . . . . Robots Melted 1 | . . 1 . . . Combat Hostiles 1 | . . 1 . . . Parts Melted 5 | . 2 3 . . . Heat Transferred 3132 | 248 1609 1275 . . . Parts Sabotaged . | . . . . . . Parts Stolen . | . . . . . . Parts Stripped . | . . . . . . Power Chain Reactions . | . . . . . . Missiles Intercepted . | . . . . . . Alert | -11 -10 -9 -9 -9 -8 ------- Run | Jun Mat Mat Min Exi Min Peak Influence 172 | 15 172 95 10 . 152 Initial 10 | . 9 . 10 . . Average 28 | 7 50 28 4 . 73 Maximum Alert Level . | . . . . . . Low Security (%) 100 | 100 100 100 100 . 100 Level 1 . | . . . . . . Level 2 . | . . . . . . Level 3 . | . . . . . . Level 4 . | . . . . . . Level 5 . | . . . . . . High Security . | . . . . . . Max Security . | . . . . . . Squads Dispatched 1 | . 1 . . . . Investigation . | . . . . . . Extermination . | . . . . . . Reinforcement 1 | . 1 . . . . Assault . | . . . . . . Garrison . | . . . . . . Intercept . | . . . . . . Searches Triggered . | . . . . . . Construction Impeded . | . . . . . . Haulers Reinforced . | . . . . . . Active Scanning Responses . | . . . . . . Cargo Convoy Interrupts . | . . . . . . Stealth | -11 -10 -9 -9 -9 -8 --------- Run | Jun Mat Mat Min Exi Min Distress Signals 1 | . 1 . . . . Communications Jammed . | . . . . . . Distress Signals . | . . . . . . Times Spotted 40 | . 14 15 5 . 6 Peak Tracking Total 5 | . 5 3 4 . 3 Tactical Retreats . | . . . . . . Traps | -11 -10 -9 -9 -9 -8 ------- Run | Jun Mat Mat Min Exi Min Traps Triggered . | . . . . . . Indirectly . | . . . . . . Trap Hack Attempts . | . . . . . . Triggered . | . . . . . . Disarmed . | . . . . . . Reprogrammed . | . . . . . . Reused . | . . . . . . Traps Extracted . | . . . . . . Installed . | . . . . . . Triggered . | . . . . . . Machines | -11 -10 -9 -9 -9 -8 ---------- Run | Jun Mat Mat Min Exi Min Machines Disabled 2 | . . . . . 2 Max in Single Turn 1 | . . . . . 1 Machines Repaired . | . . . . . . Machines Sabotaged . | . . . . . . Overloaded Fab Kills . | . . . . . . Hacking | -11 -10 -9 -9 -9 -8 --------- Run | Jun Mat Mat Min Exi Min Machines Accessed 6 | . . 2 . 4 . Terminals 1 | . . 1 . . . Fabricators . | . . . . . . Repair Stations . | . . . . . . Recycling Units . | . . . . . . Scanalyzers 1 | . . 1 . . . Garrison Access . | . . . . . . Total Hacks 52 | . . 3 . 49 . Successful 52 | . . 3 . 49 . Failed . | . . . . . . Catastrophic . | . . . . . . Database Lockouts . | . . . . . . Manual . | . . . . . . Terminals 1 | . . 1 . . . Fabricators . | . . . . . . Repair Stations . | . . . . . . Recycling Units . | . . . . . . Scanalyzers 2 | . . 2 . . . Garrison Access . | . . . . . . Terminal Hacks 50 | . . 1 . 49 . Record 50 | . . 1 . 49 . Fabricator Hacks . | . . . . . . Repair Station Hacks . | . . . . . . Recycling Unit Hacks . | . . . . . . Scanalyzer 2 | . . 2 . . . Insert Component 1 | . . 1 . . . Analyze 1 | . . 1 . . . Garrison Access Hacks . | . . . . . . Unauthorized Hacks . | . . . . . . Terminals . | . . . . . . Fabricators . | . . . . . . Repair Stations . | . . . . . . Recycling Units . | . . . . . . Scanalyzers . | . . . . . . Garrison Access . | . . . . . . Data Cores Recovered . | . . . . . . Used . | . . . . . . Hacking Detections . | . . . . . . Full Trace Events . | . . . . . . Feedback Events . | . . . . . . Feedback Blocked . | . . . . . . Robot Schematics Acquired . | . . . . . . Robots Built . | . . . . . . Authchips . | . . . . . . Time . | . . . . . . Total Robot Build Rating . | . . . . . . Part Schematics Acquired 1 | . . 1 . . . Parts Built . | . . . . . . Authchips . | . . . . . . Time . | . . . . . . Total Part Build Rating . | . . . . . . Parts Repaired . | . . . . . . Time . | . . . . . . Parts Recycled . | . . . . . . Recycled Matter . | . . . . . . Retrieved Matter . | . . . . . . Retrieved Components . | . . . . . . Parts Scanalyzed 1 | . . 1 . . . Part Schematics Acquired 1 | . . 1 . . . Parts Damaged . | . . . . . . Bothacking | -11 -10 -9 -9 -9 -8 ------------ Run | Jun Mat Mat Min Exi Min Used RIF Installer . | . . . . . . Robots Hacked . | . . . . . . Non-combat . | . . . . . . Combat . | . . . . . . Robot Hacks Applied . | . . . . . . Relay Couplers Released . | . . . . . . Fabnet Peak Effective % . | . . . . . . Robots Rewired . | . . . . . . Allies Hacked . | . . . . . . Hacks Repelled . | . . . . . . Allies | -11 -10 -9 -9 -9 -8 -------- Run | Jun Mat Mat Min Exi Min Total Allies 3 | . . . 3 . . Largest Group 3 | . . . 3 3 3 Highest-Rated Group 40 | . . . 40 40 40 Highest-Rated Ally 16 | . . . 16 16 16 Total Orders . | . . . . . . Ally Attacks 23 | . . . 15 . 8 Total Damage 209 | . . . 110 . 99 Kills 6 | . . . 5 . 1 Allies Corrupted . | . . . . . . Allies Melted . | . . . . . . Intel | -11 -10 -9 -9 -9 -8 ------- Run | Jun Mat Mat Min Exi Min Robot Analysis Total . | . . . . . . Derelict Logs Recovered . | . . . . . . Drone Launches . | . . . . . . Drone Recoveries . | . . . . . . Exploration | -11 -10 -9 -9 -9 -8 ------------- Run | Jun Mat Mat Min Exi Min Turns Passed 4253 | 156 890 1015 881 1190 121 Spaces Moved 1390 | 110 271 200 187 548 74 Core 17 | 17 . . . . . Treads 405 | . 265 140 . . . Legs 968 | 93 6 60 187 548 74 Wheels . | . . . . . . Hover . | . . . . . . Flight . | . . . . . . Fastest Speed 50 | 50 120 320 400 190 120 Average Speed 272 | 109 232 445 464 216 122 Slowest Speed 820 | 120 240 820 470 400 190 Overloaded Moves . | . . . . . . Propulsion Burnouts . | . . . . . . Robots Hopped . | . . . . . . Cave-ins Triggered . | . . . . . . Exploration Rate (%) 38 | 5 44 24 38 92 25 Regions Visited 5 Branch Regions 3 Pre-discovered Areas 1 | . . . . 1 . Known Exits Taken . | . . . . . . Unknown Exits Taken 5 | 1 1 1 1 1 . Scrap Searched . | . . . . . . Spaces Dug . | . . . . . . Terrain Destroyed 80 | . . 11 9 . 60 Melee . | . . . . . . Projectile . | . . . . . . AOE 80 | . . 11 9 . 60 Terrain Rammed . | . . . . . . Walls Destroyed . | . . . . . . Machines Disabled . | . . . . . . Actions | -11 -10 -9 -9 -9 -8 --------- Run | Jun Mat Mat Min Exi Min Total 1682 | 132 440 269 198 556 87 Wait 89 | . 85 2 1 1 . Move 1385 | 109 270 199 186 547 74 Hop . | . . . . . . Pick Up 39 | 8 25 2 . 3 1 Fast Attach 3 | 1 . . . . 2 Attach 19 | 6 . 11 1 1 . Detach . | . . . . . . Swap 25 | . 15 8 1 . 1 Drop 20 | 1 1 8 5 4 1 Fire 102 | 7 44 39 4 . 8 Melee . | . . . . . . Ram . | . . . . . . Kick . | . . . . . . Crush . | . . . . . . Escape Stasis . | . . . . . . Rewire . | . . . . . . Trap . | . . . . . . Miscellaneous . | . . . . . . Route ------- -11/Junkyard -10/Materials -9/Materials -9/Mines -9/Exiles (discovered 2 exits: [*Min x2]) -8/Mines History --------- Turn | Location | Event 4 | -11/Junkyard | Discovered new exit (range 15) 157 | -11/Junkyard | Entered Materials 318 | -10/Materials | Build established: Mutant 999 | -10/Materials | Discovered new exit (range 16) 1047 | -10/Materials | Entered another Materials area 1047 | -9/Materials | Evolved 2 slots: Power x1, Utility x1 1343 | -9/Materials | Build established: Scavenger-Mutant 1683 | -9/Materials | Core integrity fell below 50% 1686 | -9/Materials | Core integrity fell below 20% 1718 | -9/Materials | Lost 3 parts (1n1u1w) 1743 | -9/Materials | Build established: Mutant 1963 | -9/Materials | Discovered new exit (range 14) 2062 | -9/Materials | Entered Mines 2067 | -9/Mines | Met a Derelict bent on vengeance 2091 | -9/Mines | Assisted by bots powering up and referring to "LRC-V3" 2835 | -9/Mines | Assembled infested the area 2927 | -9/Mines | Deemed a non-threat by the Exiles lab entrance 2927 | -9/Mines | Discovered new exit (range 5) 2943 | -9/Mines | Entered Exiles 2943 | -9/Exiles | Accompanied by 3 allies 3054 | -9/Exiles | Met 8R-AWN 3110 | -9/Exiles | Met EX-HEX 3242 | -9/Exiles | Met EX-DEC 3307 | -9/Exiles | Learned location of Zion (-7) 3375 | -9/Exiles | Discovered new exit (range 10) 3508 | -9/Exiles | Met EX-BIN 3823 | -9/Exiles | Visited The Gauntlet 4112 | -9/Exiles | Discovered new exit (range 14) 4133 | -9/Exiles | Entered Mines 4133 | -8/Mines | Accompanied by 3 allies 4254 | -8/Mines | Destroyed by G-47 Trooper with Particle Gun Last Messages --------------- Trooper 2a destroyed. [Achievement: Backstab] Important note for Steam players: Cogmind player global achievement rates displayed by Steam are all significantly underreported, in some cases by a huge margin, due to how they are calculated by Valve. Acquired 8 matter. G-47 Trooper destroyed. Acquired 13 matter. Acquired Lgt. Nuclear Core. Acquired 5 matter. Dropped Aluminum Leg. Acquired Aluminum Leg. Acquired 10 matter. Acquired Imp. Heat Sink. Acquired 10 matter. U-05 Engineer lays Concrete. G-47 Trooper destroyed. Acquired 34 matter. G-50 Soldier destroyed. Acquired 18 matter. Map ----- +----------------------------------------------------+ | | | | | | | | | | | ?????????????????????????????????????????? | | ?????????????????????????????????????????? | | ?????????????????????????????????????????? | | ?????????????????????????????????????????? | | ?????????????????????????????????????????? | | ?????????????????????????????????????????? | | ????????????????????? ? ?????????????????? | | ?????????????????????????????????????????? | | ??????????????????? ?????????????????????? | | ????????????????????????????????????#????? | | ?????????????????????????????????????????? | | ??????????????????#??????????????????????? | | ????????????????????????????????#????????? | | ??????????????????????????????? #????????? | | ?????????????????????????????? ##???????? | | ???????????#??????????????##? ###?????? | | ???????????????? ??????### # #?????? | | ?????????????????? ???## # = #?????? | | ???????????????????#?## * ##????? | | ????????????#???????## g%! #????? | | ????????????????????# @ [ #???? | | ????????????????????# # #???????? | | ???????????#????#???# ###????????????? | | ???????????????????## ###??????????????? | | ?????????????????### ##?????#?????????? | | ????????#???????## ##?#????????????? | | ????????????????# ##????#????????? | | ????????????????# #?????????????? | | ???????????????## #?????????????? | | ???????????????# ##?????????????? | | ???????????????# ######??????????????? | | ??????????????## ##???????????????????? | | ??????????????# ##??????????? ???????? | | ??????????????# #???????????????????? | | ??????????????## ##??#?#?????????????? | | ???????????#???## ##?#??#????????????? | | ????????????????### ##???????????#?#??? | | ??????????#???????## ###???????? #????? | | ???????????????????# ##?????? #????? | | ???????????????????## ####### #????? | | ????????????????????## #????? | | ?????????????????????## #????? | | ??????????????????????######### #####????? | | ??????????????????????????????# #????#???? | | ??????????????????????????????# #????????? | +----------------------------------------------------+ Best States ------------- Heat Dissipation 42 Energy Generation 19 Energy Capacity 430 Matter Stores 300 Matter Capacity 300 Sight Range 16 Terrain Scan Range 16 Terrain Scan Density 10 Armor Coverage 150 Evasion (%) 55 Recoil Reduction 2 Item Schematics ----------------- Beam Cannon | -9/Materials | Scanalyzed Robot Schematics ------------------ None Fabricated ------------ Nothing Alien Tech Used ----------------- None Achievements -------------- Backstab Librarian Tourist Use The Force Challenges ------------ None Game ------ Seed DisruptionConcussivePick Manual? 0 Play Time 00:44:19 Cumulative 3.5 hours Start 2023.03.12 @ 19:17:22 End 2023.03.12 @ 20:24:23 Sessions 1 Manual Loads 0 Difficulty Rogue Special Mode None Game No. 6 Rogue 6 Adventurer 0 Explorer 0 Win Type - Total 0 Types 0/0/0/0/0/0/0/0/0 Lore% 8 Gallery% 6 Achievement% 6 Wizard Run 0 Options --------- ASCII 0 Keyboard 0 Movement Mouse Keybinds 0 Fullscreen 1 Font 18/CogNarrow Map View 76x50 Tactical HUD 0 Map Filters NONE Filters NONE Steam 1 RUN: 79627439-ece4-4b82-9ed2-1469772f8e8f